 Dungeon Crawl Stone Soup version 0.18-a0-1378-g7babcad (webtiles) character file.

29 Reinor the Sneak (level 3, 0/18 HPs)
             Began as a Spriggan Earth Elementalist on Feb 22, 2016.
             Slain by a hobgoblin
             ... wielding a +0 club
              (6 damage)
             ... on level 2 of the Dungeon.
             The game lasted 00:05:24 (1287 turns).

Reinor the Sneak (Spriggan Earth Elementalist)      Turns: 1287, Time: 00:05:25

Health: 0/18       AC:  3    Str:  4    XL:     3   Next: 1%
Magic:  6/8        EV: 18    Int: 17    God:
Gold:   59         SH:  0    Dex: 16    Spells: 2 memorised, 4 levels left

rFire  . . .     SeeInvis +     j - +0 dagger
rCold  . . .     Gourm    .     a - +1 robe
rNeg   . . .     Faith    .     (shield restricted)
rPois  .         Spirit   .     (helmet restricted)
rElec  .         Dismiss  .     (no cloak)
rCorr  .         Reflect  .     (gloves unavailable)
SustAt .         Harm     .     (boots unavailable)
MR     .....                    (no amulet)
Stlth  +++.......               (no ring)
                                (no ring)

@: very quick, not resistant to hostile enchantments, fairly stealthy
A: unfitting armour, see invisible, herbivore 3, speed 3, slow metabolism 2
a: no special abilities


You were on level 2 of the Dungeon.
You were not hungry.

You visited 1 branch of the dungeon, and saw 2 of its levels.

You collected 59 gold pieces.

Inventory:

Hand Weapons
 f - a +0 short sword
 j - a +0 dagger (weapon)
Armour
 a - a +1 robe (worn)
Scrolls
 g - a scroll of remove curse {unknown}
 i - a scroll of fear {unknown}
Potions
 h - a potion of agility {unknown}
Books
 c - a book of Geomancy

   Spells                             Type                      Level
   a - Sandblast                      Earth                        1
   b - Passwall                       Transmutation/Earth          2
   c - Stone Arrow                    Conjuration/Earth            3
   d - Petrify                        Transmutation/Earth          4
   e - Lee's Rapid Deconstruction     Earth                        5
Comestibles
 d - a bread ration


   Skills:
 - Level 1.0 Fighting
 + Level 0.9 Short Blades
 - Level 3.0 Dodging
 + Level 4.5 Stealth
 - Level 2.6 Spellcasting
 - Level 1.3 Transmutations
 - Level 2.6 Earth Magic


You had 4 spell levels left.
You knew the following spells:

 Your Spells              Type           Power        Failure   Level  Hunger
a - Sandblast             Erth           ##....       10%         1    #......
b - Passwall              Trmt/Erth      #.........   14%         2    ##.....


Dungeon Overview and Level Annotations

Branches:
Dungeon (2/15)

Altars:


Innate Abilities, Weirdness & Mutations

You are tiny and cannot use many weapons and most armour.
You have supernaturally acute eyesight.
You are an herbivore.
You cover ground extremely quickly.
You need consume almost no food.


Message History

The hobgoblin barely misses you.
You closely miss the hobgoblin.
The hobgoblin is almost dead.
The hobgoblin hits you with a club.
* * * LOW HITPOINT WARNING * * *
You closely miss the hobgoblin.
The hobgoblin is almost dead.
The hobgoblin barely misses you.
You closely miss the hobgoblin.
The hobgoblin is severely wounded.
The hobgoblin closely misses you.
You closely miss the hobgoblin.
The hobgoblin is severely wounded.
The hobgoblin completely misses you.
You closely miss the hobgoblin.
The hobgoblin is severely wounded.
You hit the hobgoblin but do no damage.
The hobgoblin is severely wounded.
The hobgoblin hits you with a club.
You die...

.........# .........###...
............... #.
........# >.##...
...#....## ###...... ..
##.##.#..###)...# ## #..
#.##.##.....##.# .##...
##....##...####.#####!....#
.....##..#.##...@g........#
.....##.##..)...).........#
....##.. ###..............#
.......# ##...†..........
....#### #..............
....# #.........#.... ....#
#...........#.. ....#
#...........# ? ....#
#..........##


You could see a hobgoblin.

Vanquished Creatures
  An ooze (D:1)
  A giant gecko (D:2)
  2 giant cockroaches (D:1)
  3 goblins
  3 hobgoblins
  A bat (D:1)
  3 giant newts
  5 kobolds
  5 rats
24 creatures vanquished.

Notes
Turn   | Place    | Note
--------------------------------------------------------------
     0 | D:1      | Reinor the Spriggan Earth Elementalist began the quest for the Orb.
     0 | D:1      | Reached XP level 1. HP: 9/9 MP: 5/5
   309 | D:1      | Reached XP level 2. HP: 14/14 MP: 3/6
   676 | D:1      | Reached skill level 4 in Stealth
   779 | D:1      | Learned a level 2 spell: Passwall
   837 | D:1      | Reached skill level 1 in Fighting
  1200 | D:2      | Reached XP level 3. HP: 18/18 MP: 0/8
  1287 | D:2      | Slain by a hobgoblin

Vault maps used:
D:1:      dpeg_arrival_short_road, dk_noncrumbling_4
D:2:      cheibriados_altar_1

Action                   || total
-------------------------++-------
Melee: Dagger            ||    33
       Short sword       ||    19
 Cast: Sandblast         ||    36
  Use: Scroll            ||     1
 Stab: Sleeping          ||     6
